[ PARTIDA AOE2 · #481979972 ]
UnrankedCumanos vs Italians
[ ANÁLISIS DE REPETICIÓN · EXTRAÍDO DE LA PARTIDA GRABADA ]
Feudal
8:29
Castillos
—
Imperial
—
| APM promedio | 34.2 |
| APM pico | 76 |
| eAPM promedio | 22.1 |
| Aldeanos / militares | 54 / 5 |
Foco
⚔️ 11.8% · 🌾 88.2%
Scout Cavalry ×5
Feudal
9:42
Castillos
13:16
Imperial
—
| APM promedio | 28.1 |
| APM pico | 57 |
| eAPM promedio | 15.1 |
| Aldeanos / militares | 41 / 1 |
Foco
⚔️ 25.8% · 🌾 74.2%
Mangonel ×1
Feudal
10:56
Castillos
14:51
Imperial
—
| APM promedio | 38.0 |
| APM pico | 81 |
| eAPM promedio | 13.0 |
| Aldeanos / militares | 41 / 14 |
Foco
⚔️ 28.5% · 🌾 71.5%
Genoese Crossbowman ×14
Feudal
8:54
Castillos
—
Imperial
—
| APM promedio | 40.1 |
| APM pico | 69 |
| eAPM promedio | 12.6 |
| Aldeanos / militares | 42 / 4 |
Foco
⚔️ 25.0% · 🌾 75.0%
Battering Ram ×4
Feudal
10:56
Castillos
15:01
Imperial
—
| APM promedio | 26.5 |
| APM pico | 55 |
| eAPM promedio | 11.9 |
| Aldeanos / militares | 41 / 0 |
Foco
⚔️ 4.6% · 🌾 95.4%
Feudal
12:36
Castillos
16:08
Imperial
—
| APM promedio | 54.1 |
| APM pico | 109 |
| eAPM promedio | 18.7 |
| Aldeanos / militares | 34 / 1 |
Foco
⚔️ 40.8% · 🌾 59.2%
Monk ×1
Feudal
10:26
Castillos
—
Imperial
—
| APM promedio | 43.0 |
| APM pico | 93 |
| eAPM promedio | 11.6 |
| Aldeanos / militares | 33 / 0 |
Foco
⚔️ 17.2% · 🌾 82.8%
Feudal
10:32
Castillos
—
Imperial
—
| APM promedio | 48.2 |
| APM pico | 80 |
| eAPM promedio | 18.4 |
| Aldeanos / militares | 44 / 20 |
Foco
⚔️ 32.0% · 🌾 68.0%
Militia ×20
Mapa de la partida
Recursos iniciales + cada clic de construcción. Líneas = muros · curvas = relieve. ◆ oro · ⬟ piedra · ● bayas · ✦ reliquia · ◌ hueco del cierre
Tu base· ✓ Cerrada en 12:00 · 0t muro · 3 puerta(s)
Base de EMMM | TheVuki· ✓ Cerrada en 13:16 · 0t muro · 2 puerta(s)
Base de Fs.zanatta· ✓ Cerrada en 14:51 · 0t muro · 2 puerta(s)
Base de Fs.Blink· ✓ Cerrada en 12:00 · 0t muro · 2 puerta(s)
Base de B00P· ✓ Cerrada en 15:01 · 1t muro · 2 puerta(s)
Base de Fs.Nicolau Mendes· ✓ Cerrada en 16:08 · 3t muro · 2 puerta(s)
Base de Kv· ✓ Cerrada en 17:09 · 1t muro · 2 puerta(s)
Base de mano do age· ✓ Cerrada en 12:00 · 0t muro · 2 puerta(s)
Terreno inicial suavizado · ◌ = hueco del cierre detectado · pasá el cursor para detalles
Inputs por minuto
— fireball - - EMMM | TheVuki
Build order — fireball
118 acciones detectadas en el replay
| 0:00 | Crear | Villager (Male) |
| 0:01 | Crear | Villager (Male) |
| 0:02 | Construir | House |
| 0:03 | Construir | House |
| 0:10 | Crear | Villager (Male) |
| 0:17 | Crear | Villager (Male) |
| 1:26 | Crear | Villager (Male) |
| 2:06 | Crear | Villager (Male) |
| 2:08 | Construir | Lumber Camp |
| 2:31 | Crear | Villager (Male) |
| 2:50 | Crear | Villager (Male) |
| 3:15 | Crear | Villager (Male) |
| 3:43 | Crear | Villager (Male) |
| 3:43 | Crear | Villager (Male) |
| 3:54 | Construir | House |
| 4:28 | Crear | Villager (Male) |
| 4:28 | Crear | Villager (Male) |
| 4:52 | Construir | Mill |
| 5:04 | Crear | Villager (Male) |
| 5:05 | Crear | Villager (Male) |
| 5:32 | Crear | Villager (Male) |
| 6:19 | Investigar | Feudal Age |
| 7:16 | Construir | House |
| 7:23 | Crear | Villager (Male) |
| 7:23 | Crear | Villager (Male) |
| 7:38 | Construir | Barracks |
| 8:29 | Edad | Edad Feudal |
| 8:30 | Construir | Town Center |
| 8:32 | Investigar | Double-Bit Axe |
| 8:58 | Construir | House |
| 9:16 | Crear | Villager (Male) |
| 9:25 | Investigar | Horse Collar |
| 9:35 | Crear | Villager (Male) |
| 9:53 | Crear | Villager (Male) |
| 10:03 | Construir | Farm |
| 10:08 | Construir | Farm |
| 10:12 | Construir | Farm |
| 10:23 | Crear | Villager (Male) |
| 10:48 | Crear | Villager (Male) |
| 10:48 | Crear | Villager (Male) |
| 10:50 | Crear | Villager (Male) |
| 10:51 | Crear | Villager (Male) |
| 10:54 | Construir | Mining Camp |
| 11:06 | Construir | Barracks |
| 11:12 | Construir | Farm |
| 11:16 | Crear | Villager (Male) |
| 11:23 | Construir | Farm |
| 11:28 | Construir | Farm |
| 11:34 | Crear | Villager (Male) |
| 11:44 | Construir | Farm |
| 11:51 | Construir | Farm |
| 11:55 | Crear | Villager (Male) |
| 12:10 | Construir | Stable |
| 12:15 | Crear | Villager (Male) |
| 12:21 | Construir | Farm |
| 12:31 | Construir | House |
| 12:34 | Crear | Villager (Male) |
| 12:35 | Crear | Villager (Male) |
| 12:46 | Construir | Blacksmith |
| 12:56 | Crear | Villager (Male) |
| 13:00 | Construir | Farm |
| 13:04 | Crear | Villager (Male) |
| 13:10 | Construir | Farm |
| 13:23 | Crear | Villager (Male) |
| 13:30 | Construir | Farm |
| 13:32 | Construir | Farm |
| 13:36 | Crear | Villager (Male) |
| 13:40 | Construir | Farm |
| 13:42 | Crear | Villager (Male) |
| 13:54 | Construir | Farm |
| 13:56 | Crear | Villager (Male) |
| 14:07 | Crear | Villager (Male) |
| 14:11 | Construir | Farm |
| 14:15 | Crear | Villager (Male) |
| 14:23 | Crear | Villager (Male) |
| 14:26 | Construir | Farm |
| 14:32 | Construir | Farm |
| 14:37 | Construir | House |
| 14:38 | Construir | House |
| 14:42 | Construir | Farm |
| 14:46 | Construir | Farm |
| 14:48 | Construir | Farm |
| 14:49 | Crear | Villager (Male) |
| 14:49 | Crear | Villager (Male) |
| 15:01 | Crear | Villager (Male) |
| 15:04 | Construir | Mining Camp |
| 15:07 | Crear | Villager (Male) |
| 15:14 | Construir | Farm |
| 15:15 | Construir | House |
| 15:18 | Crear | Villager (Male) |
| 15:29 | Construir | Farm |
| 15:39 | Crear | Villager (Male) |
| 15:41 | Construir | Farm |
| 15:50 | Investigar | Gold Mining |
| 15:53 | Crear | Villager (Male) |
| 16:03 | Investigar | Wheelbarrow |
| 16:07 | Construir | Farm |
| 16:10 | Crear | Villager (Male) |
| 16:23 | Crear | Scout Cavalry |
| 16:23 | Crear | Scout Cavalry |
| 16:24 | Crear | Scout Cavalry |
| 16:36 | Construir | House |
| 16:38 | Construir | House |
| 16:53 | Investigar | Loom |
| 16:54 | Crear | Villager (Male) |
| 17:02 | Construir | House |
| 17:11 | Crear | Villager (Male) |
| 17:11 | Crear | Villager (Male) |
| 17:19 | Construir | Palisade Wall |
| 17:28 | Crear | Scout Cavalry |
| 17:28 | Crear | Scout Cavalry |
| 17:33 | Crear | Villager (Male) |
| 17:37 | Crear | Villager (Male) |
| 17:46 | Construir | Farm |
| 17:47 | Construir | Farm |
| 17:48 | Construir | Farm |
| 17:49 | Construir | Farm |
| 17:50 | Construir | Farm |
Build order — EMMM | TheVuki
82 acciones detectadas en el replay
| 0:01 | Crear | Villager (Male) |
| 0:02 | Crear | Villager (Male) |
| 0:02 | Crear | Villager (Male) |
| 0:03 | Construir | House |
| 0:04 | Construir | House |
| 0:17 | Crear | Villager (Male) |
| 0:17 | Crear | Villager (Male) |
| 0:27 | Crear | Villager (Male) |
| 1:21 | Crear | Villager (Male) |
| 1:58 | Construir | Lumber Camp |
| 1:59 | Crear | Villager (Male) |
| 2:20 | Crear | Villager (Male) |
| 2:45 | Crear | Villager (Male) |
| 3:11 | Crear | Villager (Male) |
| 3:30 | Crear | Villager (Male) |
| 3:49 | Crear | Villager (Male) |
| 3:55 | Construir | House |
| 4:14 | Crear | Villager (Male) |
| 4:14 | Crear | Villager (Male) |
| 4:18 | Crear | Villager (Male) |
| 4:55 | Crear | Villager (Male) |
| 5:05 | Construir | Mill |
| 5:45 | Crear | Villager (Male) |
| 6:18 | Construir | Farm |
| 6:27 | Construir | House |
| 7:26 | Investigar | Feudal Age |
| 8:50 | Crear | Villager (Male) |
| 8:50 | Crear | Villager (Male) |
| 9:42 | Edad | Edad Feudal |
| 9:45 | Construir | Blacksmith |
| 9:46 | Construir | Market |
| 10:36 | Investigar | Castle Age |
| 11:00 | Investigar | Double-Bit Axe |
| 11:55 | Investigar | Horse Collar |
| 11:59 | Construir | House |
| 12:31 | Investigar | Loom |
| 13:16 | Edad | Edad de los Castillos |
| 13:19 | Construir | Siege Workshop |
| 13:21 | Construir | Town Center |
| 13:25 | Construir | Town Center |
| 13:32 | Crear | Villager (Male) |
| 13:59 | Crear | Villager (Male) |
| 14:33 | Crear | Villager (Male) |
| 14:33 | Crear | Villager (Male) |
| 14:37 | Crear | Villager (Male) |
| 14:39 | Construir | Farm |
| 14:43 | Construir | Farm |
| 14:44 | Construir | Farm |
| 14:45 | Crear | Villager (Male) |
| 14:47 | Construir | Farm |
| 14:48 | Crear | Villager (Male) |
| 14:50 | Crear | Villager (Male) |
| 14:52 | Construir | Farm |
| 15:19 | Crear | Villager (Male) |
| 15:25 | Construir | House |
| 15:34 | Crear | Villager (Male) |
| 15:36 | Construir | Stone Wall |
| 15:38 | Construir | Stone Wall |
| 15:40 | Construir | Stone Wall |
| 15:41 | Construir | Stone Wall |
| 15:50 | Construir | Farm |
| 15:51 | Construir | Farm |
| 15:53 | Construir | Farm |
| 15:56 | Construir | Farm |
| 16:01 | Crear | Villager (Male) |
| 16:04 | Construir | Farm |
| 16:49 | Crear | Mangonel |
| 16:50 | Crear | Villager (Male) |
| 16:51 | Crear | Villager (Male) |
| 17:00 | Crear | Villager (Male) |
| 17:02 | Crear | Villager (Male) |
| 17:15 | Construir | Farm |
| 17:17 | Crear | Villager (Male) |
| 17:27 | Construir | Farm |
| 17:31 | Construir | Farm |
| 17:34 | Crear | Villager (Male) |
| 17:46 | Construir | Farm |
| 17:47 | Crear | Villager (Male) |
| 17:58 | Crear | Villager (Male) |
| 18:05 | Crear | Villager (Male) |
| 18:13 | Construir | Farm |
| 18:15 | Crear | Villager (Male) |
Build order — Fs.zanatta
90 acciones detectadas en el replay
| 0:00 | Crear | Villager (Male) |
| 0:00 | Crear | Villager (Male) |
| 0:00 | Crear | Villager (Male) |
| 0:01 | Crear | Villager (Male) |
| 0:02 | Construir | House |
| 0:03 | Construir | House |
| 1:24 | Crear | Villager (Male) |
| 1:25 | Crear | Villager (Male) |
| 1:48 | Construir | Lumber Camp |
| 2:05 | Crear | Villager (Male) |
| 2:06 | Crear | Villager (Male) |
| 2:06 | Crear | Villager (Male) |
| 2:21 | Crear | Villager (Male) |
| 3:06 | Crear | Villager (Male) |
| 3:06 | Crear | Villager (Male) |
| 3:07 | Crear | Villager (Male) |
| 3:43 | Crear | Villager (Male) |
| 3:57 | Construir | House |
| 3:59 | Construir | House |
| 4:09 | Crear | Villager (Male) |
| 4:09 | Crear | Villager (Male) |
| 4:21 | Crear | Villager (Male) |
| 4:21 | Crear | Villager (Male) |
| 5:08 | Crear | Villager (Male) |
| 5:08 | Crear | Villager (Male) |
| 5:09 | Crear | Villager (Male) |
| 5:09 | Crear | Villager (Male) |
| 5:34 | Crear | Villager (Male) |
| 5:38 | Construir | Mill |
| 6:25 | Crear | Villager (Male) |
| 6:27 | Construir | Farm |
| 6:29 | Construir | Farm |
| 6:34 | Construir | Farm |
| 6:35 | Construir | Farm |
| 6:42 | Crear | Villager (Male) |
| 8:00 | Construir | Mining Camp |
| 8:07 | Crear | Villager (Male) |
| 8:31 | Investigar | Feudal Age |
| 9:40 | Construir | House |
| 10:28 | Crear | Villager (Male) |
| 10:56 | Edad | Edad Feudal |
| 11:03 | Construir | Blacksmith |
| 11:11 | Construir | Market |
| 11:20 | Crear | Villager (Male) |
| 11:43 | Crear | Villager (Male) |
| 11:54 | Construir | Mining Camp |
| 12:01 | Investigar | Castle Age |
| 12:09 | Investigar | Fletching |
| 13:05 | Investigar | Double-Bit Axe |
| 13:29 | Construir | House |
| 13:38 | Crear | Villager (Male) |
| 14:22 | Crear | Villager (Male) |
| 14:51 | Edad | Edad de los Castillos |
| 15:02 | Construir | Castle |
| 15:05 | Investigar | Bodkin Arrow |
| 15:08 | Crear | Villager (Male) |
| 15:22 | Crear | Villager (Male) |
| 15:23 | Construir | Farm |
| 15:34 | Construir | Lumber Camp |
| 15:51 | Construir | Farm |
| 15:52 | Construir | Farm |
| 16:08 | Construir | Farm |
| 16:14 | Crear | Genoese Crossbowman |
| 16:14 | Crear | Genoese Crossbowman |
| 16:15 | Crear | Genoese Crossbowman |
| 16:15 | Crear | Genoese Crossbowman |
| 16:15 | Crear | Genoese Crossbowman |
| 16:16 | Crear | Genoese Crossbowman |
| 16:16 | Crear | Genoese Crossbowman |
| 16:16 | Crear | Genoese Crossbowman |
| 16:19 | Crear | Villager (Male) |
| 16:31 | Construir | Farm |
| 16:48 | Crear | Villager (Male) |
| 16:49 | Crear | Genoese Crossbowman |
| 16:49 | Crear | Genoese Crossbowman |
| 16:54 | Crear | Villager (Male) |
| 17:05 | Crear | Villager (Male) |
| 17:12 | Construir | Farm |
| 17:15 | Construir | Farm |
| 17:17 | Crear | Genoese Crossbowman |
| 17:29 | Crear | Villager (Male) |
| 17:31 | Construir | Farm |
| 17:47 | Crear | Genoese Crossbowman |
| 17:57 | Construir | Farm |
| 18:08 | Crear | Genoese Crossbowman |
| 18:09 | Crear | Villager (Male) |
| 18:11 | Crear | Villager (Male) |
| 18:15 | Construir | Farm |
| 18:28 | Crear | Genoese Crossbowman |
| 18:29 | Crear | Villager (Male) |
Build order — Fs.Blink
82 acciones detectadas en el replay
| 0:01 | Crear | Villager (Male) |
| 0:01 | Crear | Villager (Male) |
| 0:01 | Crear | Villager (Male) |
| 0:02 | Crear | Villager (Male) |
| 0:02 | Crear | Villager (Male) |
| 0:03 | Construir | House |
| 0:05 | Construir | House |
| 1:34 | Crear | Villager (Male) |
| 1:34 | Crear | Villager (Male) |
| 1:49 | Crear | Villager (Male) |
| 1:58 | Construir | Lumber Camp |
| 2:08 | Crear | Villager (Male) |
| 2:40 | Crear | Villager (Male) |
| 3:03 | Construir | House |
| 3:09 | Crear | Villager (Male) |
| 3:09 | Crear | Villager (Male) |
| 3:54 | Crear | Villager (Male) |
| 4:05 | Construir | Mill |
| 4:10 | Crear | Villager (Male) |
| 4:50 | Crear | Villager (Male) |
| 4:50 | Crear | Villager (Male) |
| 4:51 | Crear | Villager (Male) |
| 4:53 | Crear | Villager (Male) |
| 6:43 | Investigar | Feudal Age |
| 7:08 | Construir | Mining Camp |
| 7:55 | Construir | House |
| 7:56 | Investigar | Loom |
| 8:11 | Crear | Villager (Male) |
| 8:12 | Crear | Villager (Male) |
| 8:54 | Edad | Edad Feudal |
| 8:56 | Construir | Blacksmith |
| 9:03 | Crear | Villager (Male) |
| 9:16 | Crear | Villager (Male) |
| 9:21 | Construir | Siege Workshop |
| 9:27 | Construir | House |
| 9:31 | Construir | Watch Tower |
| 9:42 | Crear | Villager (Male) |
| 9:47 | Crear | Battering Ram |
| 10:15 | Crear | Villager (Male) |
| 10:33 | Crear | Battering Ram |
| 10:38 | Crear | Villager (Male) |
| 10:50 | Construir | House |
| 11:31 | Crear | Villager (Male) |
| 11:55 | Crear | Battering Ram |
| 12:02 | Crear | Villager (Male) |
| 12:08 | Construir | Watch Tower |
| 12:24 | Construir | Palisade Gate |
| 12:30 | Construir | Mining Camp |
| 12:59 | Crear | Villager (Male) |
| 13:12 | Crear | Villager (Male) |
| 13:41 | Crear | Battering Ram |
| 13:42 | Construir | House |
| 13:43 | Crear | Villager (Male) |
| 14:00 | Construir | House |
| 14:13 | Crear | Villager (Male) |
| 14:33 | Crear | Villager (Male) |
| 14:35 | Construir | Farm |
| 14:53 | Construir | Outpost |
| 14:56 | Crear | Villager (Male) |
| 14:57 | Construir | Farm |
| 14:59 | Construir | Farm |
| 15:16 | Crear | Villager (Male) |
| 15:18 | Construir | Farm |
| 15:37 | Construir | Outpost |
| 15:39 | Crear | Villager (Male) |
| 15:41 | Construir | Farm |
| 15:59 | Investigar | Town Watch |
| 16:14 | Crear | Villager (Male) |
| 16:23 | Construir | Outpost |
| 16:28 | Crear | Villager (Male) |
| 16:32 | Construir | Town Center |
| 16:49 | Construir | Farm |
| 16:50 | Crear | Villager (Male) |
| 17:24 | Construir | Watch Tower |
| 17:26 | Crear | Villager (Male) |
| 17:37 | Construir | Farm |
| 17:37 | Construir | Farm |
| 17:38 | Crear | Villager (Male) |
| 17:39 | Crear | Villager (Male) |
| 18:09 | Crear | Villager (Male) |
| 18:11 | Construir | Farm |
| 18:12 | Construir | Farm |
Build order — B00P
89 acciones detectadas en el replay
| 0:01 | Crear | Villager (Male) |
| 0:01 | Crear | Villager (Male) |
| 0:01 | Crear | Villager (Male) |
| 0:02 | Crear | Villager (Male) |
| 0:03 | Construir | House |
| 0:05 | Construir | House |
| 1:36 | Crear | Villager (Male) |
| 1:37 | Crear | Villager (Male) |
| 2:02 | Construir | Lumber Camp |
| 2:05 | Crear | Villager (Male) |
| 2:16 | Crear | Villager (Male) |
| 2:50 | Crear | Villager (Male) |
| 2:50 | Crear | Villager (Male) |
| 2:59 | Crear | Villager (Male) |
| 3:46 | Crear | Villager (Male) |
| 3:50 | Construir | House |
| 3:51 | Construir | House |
| 4:08 | Crear | Villager (Male) |
| 4:30 | Crear | Villager (Male) |
| 4:42 | Crear | Villager (Male) |
| 4:43 | Construir | Mill |
| 5:51 | Crear | Villager (Male) |
| 5:51 | Crear | Villager (Male) |
| 5:52 | Crear | Villager (Male) |
| 5:58 | Crear | Villager (Male) |
| 6:04 | Crear | Villager (Male) |
| 6:42 | Crear | Villager (Male) |
| 7:01 | Crear | Villager (Male) |
| 8:11 | Investigar | Feudal Age |
| 8:18 | Construir | Farm |
| 8:19 | Construir | Farm |
| 8:51 | Construir | Mining Camp |
| 9:21 | Construir | House |
| 9:22 | Construir | House |
| 9:52 | Crear | Villager (Male) |
| 9:52 | Crear | Villager (Male) |
| 10:56 | Edad | Edad Feudal |
| 10:57 | Construir | Blacksmith |
| 11:00 | Construir | Market |
| 11:45 | Construir | House |
| 11:53 | Construir | Farm |
| 11:53 | Construir | Farm |
| 12:21 | Investigar | Castle Age |
| 12:27 | Construir | Farm |
| 12:29 | Construir | Farm |
| 12:31 | Construir | Farm |
| 12:51 | Construir | House |
| 12:52 | Construir | House |
| 13:04 | Investigar | Double-Bit Axe |
| 13:19 | Investigar | Horse Collar |
| 13:30 | Construir | House |
| 13:38 | Crear | Villager (Male) |
| 13:55 | Construir | House |
| 13:55 | Construir | House |
| 13:56 | Construir | House |
| 14:00 | Construir | Palisade Wall |
| 14:23 | Crear | Villager (Male) |
| 14:39 | Crear | Villager (Male) |
| 15:01 | Edad | Edad de los Castillos |
| 15:06 | Construir | Town Center |
| 15:55 | Construir | Town Center |
| 15:56 | Crear | Villager (Male) |
| 16:19 | Crear | Villager (Male) |
| 16:28 | Crear | Villager (Male) |
| 16:28 | Crear | Villager (Male) |
| 16:38 | Crear | Villager (Male) |
| 16:39 | Crear | Villager (Male) |
| 16:44 | Investigar | Bow Saw |
| 16:44 | Investigar | Bow Saw |
| 16:56 | Construir | Farm |
| 16:58 | Crear | Villager (Male) |
| 16:58 | Crear | Villager (Male) |
| 17:01 | Construir | Farm |
| 17:06 | Crear | Villager (Male) |
| 17:07 | Crear | Villager (Male) |
| 17:18 | Construir | Farm |
| 17:22 | Construir | Farm |
| 17:22 | Construir | Farm |
| 17:28 | Crear | Villager (Male) |
| 17:32 | Construir | Farm |
| 17:40 | Construir | Farm |
| 17:59 | Construir | Siege Workshop |
| 18:01 | Crear | Villager (Male) |
| 18:12 | Construir | Farm |
| 18:13 | Construir | Farm |
| 18:15 | Crear | Villager (Male) |
| 18:25 | Construir | Farm |
| 18:27 | Construir | Farm |
| 18:28 | Crear | Villager (Male) |
Build order — Fs.Nicolau Mendes
69 acciones detectadas en el replay
| 0:01 | Crear | Villager (Male) |
| 0:02 | Construir | House |
| 0:03 | Construir | House |
| 0:21 | Crear | Villager (Male) ×3 |
| 1:29 | Crear | Villager (Male) |
| 1:56 | Construir | Lumber Camp |
| 1:58 | Crear | Villager (Male) |
| 2:26 | Crear | Villager (Male) |
| 2:26 | Crear | Villager (Male) |
| 2:30 | Crear | Villager (Male) |
| 3:20 | Crear | Villager (Male) ×2 |
| 3:47 | Crear | Villager (Male) |
| 3:47 | Crear | Villager (Male) |
| 3:52 | Construir | House |
| 3:53 | Construir | House |
| 4:19 | Construir | House |
| 4:26 | Crear | Villager (Male) ×2 |
| 4:52 | Crear | Villager (Male) |
| 4:52 | Crear | Villager (Male) |
| 5:04 | Crear | Villager (Male) |
| 5:05 | Construir | Mill |
| 5:15 | Construir | House |
| 6:12 | Crear | Villager (Male) |
| 6:26 | Crear | Villager (Male) |
| 6:43 | Crear | Villager (Male) |
| 7:19 | Crear | Villager (Male) |
| 7:27 | Construir | Farm |
| 7:28 | Construir | Farm |
| 7:30 | Crear | Villager (Male) |
| 8:14 | Crear | Villager (Male) |
| 8:42 | Crear | Villager (Male) |
| 8:43 | Crear | Villager (Male) |
| 8:45 | Construir | Mining Camp |
| 8:49 | Crear | Villager (Male) |
| 9:56 | Crear | Villager (Male) |
| 10:12 | Investigar | Feudal Age |
| 10:38 | Construir | Palisade Wall |
| 10:43 | Construir | Palisade Wall |
| 10:49 | Construir | Palisade Wall |
| 11:17 | Crear | Villager (Male) |
| 11:17 | Crear | Villager (Male) |
| 11:21 | Construir | Farm |
| 11:25 | Construir | Farm |
| 11:27 | Construir | Farm |
| 11:30 | Construir | Farm |
| 11:32 | Construir | Farm |
| 11:36 | Construir | Farm |
| 11:56 | Construir | Farm |
| 11:58 | Crear | Villager (Male) |
| 11:58 | Crear | Villager (Male) |
| 12:36 | Edad | Edad Feudal |
| 12:38 | Construir | Market |
| 12:39 | Construir | Blacksmith |
| 13:28 | Investigar | Castle Age |
| 13:38 | Construir | Farm |
| 13:40 | Construir | Farm |
| 13:49 | Construir | Farm |
| 15:32 | Construir | Farm |
| 16:08 | Edad | Edad de los Castillos |
| 16:10 | Construir | Siege Workshop |
| 16:12 | Construir | Farm |
| 16:13 | Construir | Monastery |
| 16:15 | Crear | Villager (Male) |
| 16:16 | Crear | Villager (Male) |
| 17:09 | Investigar | Imperial Age |
| 17:11 | Crear | Monk |
| 17:23 | Construir | House |
| 18:09 | Construir | House |
| 18:11 | Construir | Siege Workshop |
Build order — Kv
54 acciones detectadas en el replay
| 0:01 | Crear | Villager (Male) |
| 0:02 | Crear | Villager (Male) |
| 0:02 | Crear | Villager (Male) |
| 0:03 | Construir | House |
| 0:05 | Construir | House |
| 0:08 | Crear | Villager (Male) |
| 0:08 | Crear | Villager (Male) |
| 0:09 | Crear | Villager (Male) |
| 1:26 | Crear | Villager (Male) |
| 1:27 | Crear | Villager (Male) |
| 1:45 | Construir | Lumber Camp |
| 2:01 | Crear | Villager (Male) |
| 2:02 | Crear | Villager (Male) |
| 2:15 | Crear | Villager (Male) |
| 2:16 | Crear | Villager (Male) |
| 2:36 | Crear | Villager (Male) |
| 2:37 | Crear | Villager (Male) |
| 3:05 | Crear | Villager (Male) |
| 3:05 | Crear | Villager (Male) |
| 3:43 | Crear | Villager (Male) |
| 3:43 | Crear | Villager (Male) |
| 3:57 | Construir | Mill |
| 4:00 | Crear | Villager (Male) |
| 4:00 | Crear | Villager (Male) |
| 4:25 | Crear | Villager (Male) |
| 4:25 | Crear | Villager (Male) |
| 4:31 | Construir | House |
| 4:37 | Investigar | Loom |
| 5:04 | Construir | House |
| 5:10 | Crear | Villager (Male) |
| 5:10 | Crear | Villager (Male) |
| 5:46 | Crear | Villager (Male) |
| 5:46 | Crear | Villager (Male) |
| 5:51 | Construir | Mining Camp |
| 6:10 | Crear | Villager (Male) |
| 6:30 | Crear | Villager (Male) |
| 6:30 | Crear | Villager (Male) |
| 6:30 | Crear | Villager (Male) |
| 6:47 | Construir | Mining Camp |
| 7:56 | Investigar | Feudal Age |
| 8:16 | Crear | Villager (Male) |
| 8:16 | Crear | Villager (Male) |
| 10:26 | Edad | Edad Feudal |
| 10:57 | Construir | Palisade Wall |
| 13:28 | Construir | Town Center |
| 15:08 | Crear | Villager (Male) |
| 15:12 | Construir | House |
| 16:08 | Construir | House |
| 16:10 | Construir | House |
| 16:12 | Construir | Market |
| 16:16 | Construir | Blacksmith |
| 17:09 | Investigar | Castle Age |
| 17:16 | Construir | Farm |
| 17:46 | Construir | House |
Build order — mano do age
119 acciones detectadas en el replay
| 0:01 | Crear | Villager (Male) |
| 0:02 | Crear | Villager (Male) |
| 0:02 | Crear | Villager (Male) |
| 0:02 | Crear | Villager (Male) |
| 0:04 | Construir | House |
| 0:05 | Construir | House |
| 1:31 | Crear | Villager (Male) |
| 1:31 | Crear | Villager (Male) |
| 1:58 | Construir | Mule Cart |
| 2:07 | Crear | Villager (Male) |
| 2:07 | Crear | Villager (Male) |
| 2:29 | Crear | Villager (Male) |
| 2:53 | Crear | Villager (Male) |
| 2:54 | Crear | Villager (Male) |
| 3:21 | Crear | Villager (Male) |
| 3:21 | Crear | Villager (Male) |
| 3:42 | Crear | Villager (Male) |
| 3:43 | Crear | Villager (Male) |
| 3:50 | Construir | House |
| 3:51 | Construir | House |
| 4:28 | Crear | Villager (Male) |
| 4:46 | Construir | Mill |
| 4:59 | Crear | Villager (Male) |
| 5:00 | Crear | Villager (Male) |
| 5:00 | Crear | Villager (Male) |
| 5:21 | Crear | Villager (Male) |
| 5:21 | Crear | Villager (Male) |
| 5:55 | Crear | Villager (Male) |
| 6:37 | Crear | Villager (Male) |
| 6:50 | Crear | Villager (Male) |
| 7:21 | Construir | Barracks |
| 7:31 | Construir | Farm |
| 7:32 | Crear | Villager (Male) |
| 7:35 | Crear | Villager (Male) |
| 7:53 | Construir | Farm |
| 8:22 | Investigar | Feudal Age |
| 8:29 | Construir | Mule Cart |
| 8:35 | Construir | House |
| 8:35 | Construir | House |
| 8:40 | Construir | House |
| 8:44 | Crear | Militia |
| 9:03 | Crear | Militia |
| 9:25 | Crear | Militia |
| 9:26 | Crear | Militia |
| 9:43 | Crear | Villager (Male) |
| 10:10 | Crear | Militia |
| 10:13 | Construir | House |
| 10:32 | Edad | Edad Feudal |
| 10:39 | Investigar | Man-at-Arms (upgrade) |
| 10:39 | Investigar | Man-at-Arms (upgrade) |
| 10:41 | Construir | Blacksmith |
| 10:43 | Investigar | Double-Bit Axe |
| 10:50 | Crear | Villager (Male) |
| 10:50 | Crear | Villager (Male) |
| 11:00 | Construir | House |
| 11:01 | Construir | House |
| 11:17 | Construir | Farm |
| 11:20 | Construir | Farm |
| 11:22 | Construir | Farm |
| 11:25 | Construir | Farm |
| 11:25 | Crear | Villager (Male) |
| 11:29 | Investigar | Scale Mail Armor |
| 11:54 | Crear | Villager (Male) |
| 11:56 | Construir | Farm |
| 12:12 | Investigar | Long Swordsman (upgrade) |
| 12:12 | Investigar | Long Swordsman (upgrade) |
| 12:16 | Crear | Villager (Male) |
| 12:46 | Crear | Villager (Male) |
| 13:00 | Crear | Villager (Male) |
| 13:03 | Construir | House |
| 13:04 | Crear | Militia |
| 13:16 | Crear | Militia |
| 13:18 | Crear | Villager (Male) |
| 13:21 | Construir | Farm |
| 13:25 | Investigar | Horse Collar |
| 13:26 | Investigar | Horse Collar |
| 13:36 | Construir | Farm |
| 13:38 | Construir | Farm |
| 13:39 | Construir | Farm |
| 13:42 | Crear | Villager (Male) |
| 13:45 | Crear | Militia |
| 14:08 | Crear | Militia |
| 14:11 | Construir | Farm |
| 14:12 | Crear | Villager (Male) |
| 14:15 | Construir | Farm |
| 14:49 | Construir | Barracks |
| 14:55 | Investigar | Wheelbarrow |
| 15:02 | Construir | Farm |
| 15:16 | Crear | Militia ×2 |
| 15:28 | Construir | Farm |
| 15:30 | Construir | Farm |
| 15:33 | Construir | Farm |
| 15:51 | Crear | Militia ×3 |
| 15:59 | Crear | Villager (Male) |
| 16:02 | Construir | House |
| 16:06 | Construir | Farm |
| 16:18 | Crear | Militia |
| 16:28 | Construir | Farm |
| 16:30 | Crear | Villager (Male) |
| 16:33 | Crear | Militia ×2 |
| 16:36 | Construir | House |
| 16:37 | Construir | House |
| 17:07 | Crear | Villager (Male) |
| 17:08 | Crear | Militia |
| 17:25 | Crear | Villager (Male) |
| 17:27 | Crear | Militia |
| 17:33 | Investigar | Gold Mining |
| 17:33 | Investigar | Gold Mining |
| 17:36 | Construir | House |
| 17:38 | Construir | Farm |
| 17:41 | Construir | Farm |
| 17:42 | Crear | Villager (Male) |
| 17:43 | Crear | Militia |
| 18:16 | Investigar | Forging |
| 18:16 | Investigar | Forging |
| 18:17 | Crear | Villager (Male) |
| 18:36 | Crear | Villager (Male) |
| 18:40 | Construir | Farm |
| 18:44 | Construir | Farm |
Cronología de la partida
| 7:21 | mano do age · first_building Barracks |
| 7:38 | fireball · first_building Barracks |
| 8:29 | fireball · age_up feudal |
| 8:54 | Fs.Blink · age_up feudal |
| 9:21 | Fs.Blink · first_building Siege Workshop |
| 9:42 | EMMM | TheVuki · age_up feudal |
| 10:26 | Kv · age_up feudal |
| 10:32 | mano do age · age_up feudal |
| 10:36 | EMMM | TheVuki · first_market_sell 100 wood |
| 10:38 | Fs.Nicolau Mendes · wall_segment Palisade Wall x1 |
| 10:43 | Fs.Nicolau Mendes · wall_segment Palisade Wall x1 |
| 10:49 | Fs.Nicolau Mendes · wall_segment Palisade Wall x1 |
| 10:56 | Fs.zanatta · age_up feudal |
| 10:56 | B00P · age_up feudal |
| 10:57 | Kv · wall_segment Palisade Wall x1 |
| 12:10 | fireball · first_building Stable |
| 12:36 | Fs.Nicolau Mendes · age_up feudal |
| 13:16 | EMMM | TheVuki · age_up castle |
| 13:19 | EMMM | TheVuki · first_building Siege Workshop |
| 14:00 | B00P · wall_segment Palisade Wall x1 |
| 14:21 | B00P · first_market_buy 100 wood |
| 14:51 | Fs.zanatta · age_up castle |
| 15:01 | B00P · age_up castle |
| 15:02 | Fs.zanatta · first_building Castle |
| 15:36 | EMMM | TheVuki · wall_segment Stone Wall x1 |
| 15:38 | EMMM | TheVuki · wall_segment Stone Wall x1 |
| 15:40 | EMMM | TheVuki · wall_segment Stone Wall x1 |
| 15:41 | EMMM | TheVuki · wall_segment Stone Wall x1 |
| 16:08 | Fs.Nicolau Mendes · age_up castle |
| 16:10 | Fs.Nicolau Mendes · first_building Siege Workshop |
| 16:13 | Fs.Nicolau Mendes · first_building Monastery |
| 17:19 | fireball · wall_segment Palisade Wall x8 |
| 17:59 | B00P · first_building Siege Workshop |
| 18:30 | EMMM | TheVuki · resign |
[ ANÁLISIS IA · 1 CRÉDITO ]
¿Qué pasó realmente en esta partida?
Wolo.gg analiza cada decisión: build order, eco, micro, errores típicos por bracket. Análisis personalizado por WhatsApp o Discord en 30 segundos.
Guía civ
Cumanos
Perfil
Jugador #322859